cohdb
Replays
Latest Replays
All Replays
Popular Replays
Top Player Replays
Match Explorer
How It Works
Community
CoH3 Stats
Reddit
Sign in to upload your games and track your stats! →
Sign in with Steam
Match 44417592
Unlisted
Match 44417592
Overview
Messages
Build Orders
End
Kettenkrad Recon Vehicle
Construct Infanterie Kompanie
Selects Terror Battlegroup
Selects Machine Gun Camouflage
MG 42 Machine Gun Team
GrW 34 Mortar Team
Grenadier Squad
MG 42 Machine Gun Team
Construct Luftwaffe Kompanie
221 Scout Car
Pioneer Squad
Jäger Squad
Flak 30 Anti-aircraft Gun Team
Support Elements
Selects Contempt for the Weak
Selects Propaganda Leaflet Drop
Wirbelwind Flakpanzer
Jäger Squad
Marder III M Tank Destroyer
Selects V1 Rocket Strike
Flak 30 Anti-aircraft Gun Team
Guderian ITA
ww-
0
0
Comments
sign in to comment!
No comments posted yet!